 Dungeon Crawl Stone Soup version 0.28-a0-850-g09de17f5b5 (webtiles) character file.

Game seed: 5299286703635310852

179 avis the Insei (level 5, -7/36 HPs)
             Began as an Octopode Transmuter on Nov 13, 2021.
             Mangled by an ogre (30 damage)
             ... on level 4 of the Dungeon.
             The game lasted 00:20:31 (4476 turns).

avis the Insei (Octopode Transmuter)                Turns: 4476, Time: 00:20:31

Health: -7/36      AC:  1    Str: 11    XL:     5   Next: 59%
Magic:  6/8        EV: 13    Int: 15    God:
Gold:   187        SH:  0    Dex: 12    Spells: 0/8 levels left

rFire   . . .      SeeInvis .     - Unarmed
rCold   . . .      Faith    .   (no shield)
rNeg    . . .      Spirit   .   (helmet restricted)
rPois   .          Reflect  .   (no amulet)
rElec   .          Harm     .   (no ring)
rCorr   .          Rampage  .   (no ring)
Will    .....                   (no ring)
Stlth   +++.......              (no ring)
HPRegen 0.12/turn               (no ring)
MPRegen 0.11/turn               (no ring)
                                (no ring)
                                (no ring)

@: no status effects
A: almost no armour, amphibious, 8 rings, camouflage 1, gelatinous body 1,
(nimble swimmer 1), tentacles
a: no special abilities


You were on level 4 of the Dungeon.
You visited 1 branch of the dungeon, and saw 4 of its levels.

You collected 187 gold pieces.

Inventory:

Hand Weapons
 m - a +1 dagger of venom
Missiles
 a - 153 stones
 d - 3 javelins
 f - 23 arrows
 l - 14 poisoned darts
 o - 22 sling bullets
Scrolls
 c - a scroll of amnesia {unknown}
 e - a scroll of teleportation {unknown}
 g - a scroll of blinking {unknown}
 h - 3 scrolls of enchant weapon {unknown}
 j - a scroll of identify {unknown}
 k - a scroll of summoning {unknown}
 n - a scroll of fog {unknown}
 p - a scroll of magic mapping {unknown}
Potions
 b - a potion of mutation {unknown}
 i - a potion of attraction {unknown}
 q - 2 potions of haste {unknown}


   Skills:
 - Level 3.0 Fighting
 - Level 2.0 Dodging
 - Level 2.0 Stealth
 * Level 4.6 Unarmed Combat
 - Level 2.0 Spellcasting
 - Level 2.0 Transmutations
 - Level 2.0 Poison Magic


You couldn't memorise any spells.
You knew the following spells:

 Your Spells              Type           Power      Damage    Failure   Level
a - Beastly Appendage     Tmut           14%        N/A       10%         1
p - Spider Form           Tmut/Pois      7%         N/A       28%         3
q - Ice Form              Ice/Tmut       4%         N/A       82%         4

Your spell library contained the following spells:

 Spells                   Type           Power      Damage    Failure   Level
 Wereblood                Tmut           7%         N/A       14%         2
 Ensorcelled Hibernation  Hex/Ice        2%         N/A       32%         2
 Call Canine Familiar     Summ           1%         N/A       54%         3
 Portal Projectile        Hex/Tloc       2%         N/A       54%         3
 Summon Guardian Golem    Hex/Summ       1%         N/A       54%         3
 Leda's Liquefaction      Hex/Erth       0%         N/A       91%         4
 Orb of Destruction       Conj           0%         N/A       100%        7
 Spellforged Servitor     Conj/Summ      0%         N/A       100%        7


Dungeon Overview and Level Annotations

Branches:
Dungeon (4/15)
 Temple: D:4-7

Altars:
Dithmenos
Xom

Annotations:
D:2 1 runed translucent door, exclusion: door, Crazy Yiuf


Innate Abilities, Weirdness & Mutations

You cannot wear most types of armour.
You are amphibious.
You can wear up to eight rings at the same time.
Your skin changes colour to match your surroundings (Stealth+).
Your rubbery body absorbs attacks. (AC +1, EV +1)
((You are camouflaged near water. (Stealth+)))
You have tentacles for arms and can constrict up to eight enemies at once.


Message History

Magic restored.
Casting: Beastly Appendage (safe; 10% risk of failure)
Confirm with . or Enter, or press ? or * to list all spells.
The spell is quite dangerous to cast (28% risk of failure)!
Continue anyway?
You miscast Spider Form.
You are very lightly contaminated with residual magic.
Nothing appears to happen.
You start resting.
Your magical contamination has completely faded away.
You start resting.
Magic restored.
Casting: Spider Form (quite dangerous; 28% risk of failure)
Confirm with . or Enter, or press ? or * to list all spells.
The spell is quite dangerous to cast (28% risk of failure)!
Continue anyway?
You miscast Spider Form.
You are very lightly contaminated with residual magic.
Nothing appears to happen.
You start resting.
Your magical contamination has completely faded away.
You start resting.
Magic restored.
Casting: Spider Form (quite dangerous; 28% risk of failure)
Confirm with . or Enter, or press ? or * to list all spells.
The spell is quite dangerous to cast (28% risk of failure)!
Continue anyway?
You turn into a venomous arachnid creature.
You climb downwards.
There is a stone staircase leading up here.
The orc hits you with a +0 club.
You hit the orc.
The orc is poisoned.
The orc is heavily wounded.
You kill the orc!
Things that are here:
a +0 club; 8 gold pieces The orc wizard shouts!
The orc wizard points at you and mumbles some strange words.
The magic dart hits you!
Your transformation has ended.
The ogre hits you with a +0 giant club!!
Ouch! That really hurt!
You die...

.. ##. ..##
#....... .# #..
...# #####... .
... ... #...
#.#.#..# #....
#.#.#..# # #....
#......# .# #.#(
###.##.#..#
##.#.###<#)......#
.........@Oo.....#
########......####
########


You could see an ogre and an orc wizard.

Vanquished Creatures
  Jessica (D:3)
  Robin (D:2)
  2 adders (D:2)
  5 dart slugs
  2 worms
  2 orcs
  10 ball pythons
  9 endoplasms
  6 giant cockroaches
  12 goblins
  10 hobgoblins
  5 jackals
  A quokka (D:3)
  12 bats
  A frilled lizard (D:3)
  9 kobolds
  5 rats
93 creatures vanquished.

Vanquished Creatures (others)
  3 toadstools (D:3)
3 creatures vanquished.

Grand Total: 96 creatures vanquished

Notes
Turn   | Place    | Note
-------+----------+-------------------------------------------
     0 | D:1      | avis the Octopode Transmuter began the quest for the Orb.
     0 | D:1      | Reached XP level 1. HP: 13/13 MP: 3/3
    94 | D:1      | Reached skill level 1 in Stealth
   210 | D:1      | Reached XP level 2. HP: 14/18 MP: 3/5
   588 | D:1      | Reached XP level 3. HP: 23/24 MP: 4/6
   592 | D:1      | Learned a level 3 spell: Spider Form
   622 | D:1      | Found a faded altar of an unknown god.
  1159 | D:2      | Noticed Robin
  1597 | D:1      | Reached skill level 4 in Unarmed Combat
  1663 | D:2      | Killed Robin
  1664 | D:2      | Reached skill level 1 in Poison Magic
  1664 | D:2      | Reached XP level 4. HP: 25/29 MP: 4/7
  2645 | D:2      | Found a runed translucent door.
  2647 | D:2      | Noticed Crazy Yiuf
  3254 | D:3      | Noticed Jessica
  3259 | D:3      | Reached XP level 5. HP: 36/36 MP: 4/8
  3260 | D:3      | Found a shimmering altar of Xom.
  3274 | D:3      | Learned a level 4 spell: Ice Form
  3283 | D:3      | Killed Jessica
  3895 | D:3      | Found a shadowy altar of Dithmenos.
  4383 | D:4      | Noticed an ogre
  4476 | D:4      | Mangled by an ogre

Illustrated notes

Levels and vault maps discovered:
D:1:      scummos_arrival_simple_fountains, layout_loops_ring,
          shapermc_ecumenical_altar_mp_ritualfount
D:2:      layout_loops_ring, uniq_crazy_yiuf_cottage, uniq_robin
D:3:      minmay_spotlight, layout_rooms, xom_teletrap_fun,
          mainiacjoe_overflow_24_doors, minmay_hedge_maze,
          minmay_gold_behind_fungi, kennysheep_generic_room_15, uniq_jessica
D:4:      layout_loops_cross, minmay_temple_entry_poolview

Skill      XL: |  1  2  3  4  5 |
---------------+----------------+-----
Stealth        | 2 |  2.0
Fighting       | 2 3 |  3.0
Unarmed Combat | 4 |  4.6
Poison Magic   | 1 2 |  2.0
Dodging        | |  2.0
Spellcasting   | |  2.0
Transmutations | |  2.0

Action                   |  1- 3 |  4- 6 || total
-------------------------+-------+-------++-------
Melee: Unarmed           |    94 |   102 ||   196
       Kick              |    18 |    10 ||    28
       Constrict         |    18 |    10 ||    28
       Punch             |     1 |       ||     1
       Tentacles         |     4 |     2 ||     6
 Cast: Beastly Appendage |    26 |    11 ||    37
       Spider Form       |     5 |    26 ||    31
 Stab: Sleeping          |    14 |     6 ||    20
Armor: Skin              |     5 |    10 ||    15
Dodge: Dodged            |    60 |    62 ||   122

Table legend: (Time is in decaauts)
 A = Elapsed time spent in this place.
 B = Non-inter-level travel time spent in this place.
 C = Inter-level travel time spent in this place.
 D = Time resting spent in this place.
 E = Time spent auto-exploring this place.
 F = Levels seen in this place.
 G = Mean time per level.
                   A        B        C        D        E       F      G
               +--------+--------+--------+--------+--------+-----+--------+
         Total |   4474 |   4272 |    202 |   1901 |   1366 |   4 | 1118.5 |
       Dungeon |   4474 |   4272 |    202 |   1901 |   1366 |   4 | 1118.5 |
               +--------+--------+--------+--------+--------+-----+--------+

Top non-repeatable levels by time:
     D:1: 1889 daAuts
     D:2: 1397 daAuts
     D:3: 1148 daAuts
     D:4: 39 daAuts
